AoeStats
← jmsuarezm1980

Black Forest

509708504Analyzed
2v2 RM · 4d ago on Sep 27, 2026· 66m 50s· 4 players
Game mode
Random Map
Map size
Medium (4 player)
Population
200
Speed
Normal
Resources
Standard
Victory
Conquest
Starting age
Dark Age
Ending age
Imperial Age
RankedLock teamsTeams togetherTeam positionsShared explorationLock speedFull tech treeHidden civsTurbo modeCheats
Victory
Defeat
🇨🇾 Koreans · Cyprus
628
+13
🇪🇸 Hindustanis · Spain
588
+15
🇬🇧 Franks · United Kingdom
633
-16
🇬🇧 Mongols · United Kingdom
510
-12
jmsuarezm1980
12:14 Feudal Age
12:46 Double-Bit Axe
12:44 Horse Collar
13:41 Gold Mining
21:22 Castle Age
19:31 Man-at-Arms
20:41 Forging
22:03 Heavy Plow
22:15 Bow Saw
24:54 Iron Casting
30:55 Imperial Age
29:11 Wheelbarrow
28:21 Town Watch
28:42 Stone Mining
31:49 Hand Cart
32:34 Bloodlines
32:25 Husbandry
31:46 Heavy Camel Rider
32:23 Pikeman
33:05 Squires
32:50 Arson
33:38 Light Cavalry
38:15 Blast Furnace
37:21 Scale Barding Armor
37:17 Scale Mail Armor
36:51 Imperial Camel Rider
39:03 Conscription
39:24 Fletching
40:02 Grand Trunk Road
39:28 Siege Elephant
41:53 Chemistry
41:13 Ballistics
40:50 Murder Holes
41:07 Fortified Wall
41:04 Siege Engineers
41:12 Masonry
48:53 Chain Barding Armor
48:49 Chain Mail Armor
49:23 Gold Shaft Mining
54:02 Caravan
54:32 Hussar
55:24 Loom
55:40 Town Patrol
56:30 Plate Barding Armor
55:54 Bodkin Arrow
57:39 Stone Shaft Mining
61:24 Bracer
64:31 Shatagni
66:14 Onager
tolislambrou
0:37 Loom
14:43 Feudal Age
31:16 Castle Age
30:44 Fletching
32:35 Double-Bit Axe
32:50 Stone Mining
34:09 Bow Saw
35:22 Medium Warships
36:30 Stone Shaft Mining
42:19 Wheelbarrow
42:29 Ballistics
42:40 Careening
42:47 Masonry
43:35 Hand Cart
43:16 Gold Mining
47:11 Imperial Age
46:39 Gold Shaft Mining
46:08 Bodkin Arrow
48:38 Shinkichon
49:54 Chemistry
48:31 Heavy Rocket Cart
49:50 Caravan
51:59 Two-Man Saw
54:03 Conscription
53:20 Pikeman
54:01 Squires
54:26 Elite Cannon Galleon
55:23 Siege Engineers
57:52 Bracer
57:58 Scale Barding Armor
58:05 Forging
59:25 Light Cavalry
60:07 Husbandry
61:04 Horse Collar
62:26 Hussar
62:32 Elite War Wagon
63:20 Thumb Ring
BW962565
0:44 Loom
12:32 Feudal Age
13:53 Wheelbarrow
13:11 Town Watch
14:25 Double-Bit Axe
14:54 Gold Mining
22:35 Castle Age
22:21 Forging
22:12 Scale Mail Armor
22:31 Scale Barding Armor
24:32 Hand Cart
24:19 Town Patrol
25:07 Caravan
25:54 Gold Shaft Mining
25:36 Bow Saw
27:27 Hand Cart
29:13 Stone Mining
33:51 Iron Casting
33:37 Chain Barding Armor
37:09 Imperial Age
36:41 Husbandry
38:59 Chemistry
39:03 Blast Furnace
38:38 Plate Barding Armor
38:00 Cavalier
39:42 Paladin
41:13 Treadmill Crane
42:14 Ballistics
Beekeeper112
13:46 Feudal Age
15:24 Wheelbarrow
14:34 Horse Collar
15:01 Double-Bit Axe
18:10 Fishing Lines
27:09 Castle Age
28:08 Hand Cart
27:18 Crossbowman
28:10 Padded Archer Armor
28:22 Gold Mining
29:18 Leather Archer Armor
28:54 Fletching
32:24 Thumb Ring
32:48 Squires
32:35 Arson
32:12 Man-at-Arms
35:53 Heavy Plow
37:15 Bodkin Arrow
47:02 Imperial Age
47:37 Bow Saw
49:08 Elite Mangudai
49:32 Heavy Scorpion
59:29 Chemistry
60:34 Ballistics
62:26 Bracer
62:37 Forging
62:27 Scale Mail Armor
62:33 Scale Barding Armor
Connection lost

Rejoining the realm…

Still unreachable

The connection could not be restored.

Session expired

The server has moved on; the page needs a fresh start.